 Dungeon Crawl Stone Soup version 0.32-a0-876-gcfddb08e57 (webtiles) character file.

Game seed: 15691161226990549547

198 smashvw the Digger (level 5, -12/38 HPs)
             Began as a Demigod Earth Elementalist on Apr 1, 2024.
             Mangled by a sleepcap (21 damage)
             ... on level 4 of the Dungeon.
             The game lasted 00:08:17 (2845 turns).

smashvw the Digger (Demigod Earth Elementalist)     Turns: 2845, Time: 00:08:18

Health: -12/38     AC:  3    Str:  9    XL:     5   Next: 22%
Magic:  8/12       EV:  2    Int: 21    God:
Gold:   156        SH:  0    Dex: 14    Spells: 6/10 levels left

rFire   . . .        (no weapon)
rCold   . . .        (no shield)
rNeg    . . .        a - +0 robe
rPois   .            (no helmet)
rElec   .            o - +0 cloak
rCorr   .            (no gloves)
SInv    .            (no boots)
Will    +....        i - amulet of regeneration
Stlth   ++           f - ring of willpower
HPRegen 1.06/turn    (no ring)
MPRegen 0.13/turn

%: no passive effects
@: sleeping
A: high MP 1, forlorn, divine attributes
a: no special abilities


You were on level 4 of the Dungeon.
You visited 1 branch of the dungeon, and saw 4 of its levels.

You collected 156 gold pieces.

Inventory:

Missiles
 j - a throwing net
Armour
 a - a +0 robe (worn)
 o - a +0 cloak (worn)
Jewellery
 f - a ring of willpower (left hand)
 i - an amulet of regeneration (around neck)
Scrolls
 c - a scroll of amnesia {unknown}
 d - 2 scrolls of brand weapon {unknown}
 e - 2 scrolls of blinking {unknown}
 g - 8 scrolls of identify {unknown}
 l - a scroll of enchant weapon {unknown}
 n - a scroll of enchant armour {unknown}
Potions
 b - a potion of magic
 h - 2 potions of attraction {unknown}
 k - 3 potions of degeneration {unknown}
 m - a potion of lignification {unknown}
 p - a potion of curing {unknown}


   Skills:
 - Level 1.7 Dodging
 - Level 1.7 Stealth
 + Level 3.1 Spellcasting
 + Level 2.7 Conjurations
 + Level 4.0 Earth Magic


You had 6 spell levels left.
You knew the following spells:

 Your Spells              Type           Power      Damage    Failure   Level
a - Sandblast             Erth           40%        2d10      2%          1
b - Stone Arrow           Conj/Erth      34%        3d9       10%         3

Your spell library contained the following spells:

 Spells                   Type           Power      Damage    Failure   Level
 Magic Dart               Conj           56%        1d5       4%          1
 Passwall                 Erth           20%        N/A       8%          3
 Blink                    Tloc           6%         N/A       21%         2
 Call Imp                 Summ           6%         N/A       21%         2
 Brom's Barrelling Bould  Conj/Erth      17%        2d4       32%         4
 Sigil of Binding         Hex            3%         N/A       36%         3
 Petrify                  Alch/Erth      11%        N/A       50%         4
 Death Channel            Necr           1%         N/A       100%        6
 Sculpt Simulacrum        Ice/Alch       1%         N/A       100%        6


Dungeon Overview and Level Annotations

Branches:
Dungeon (4/15)
 Temple: D:4-7

Shops:
D:1 !   D:3 :[:?:


Innate Abilities, Weirdness & Mutations

You have an increased reservoir of magic. (+10% MP)
You shall have no god before yourself.
Your divine heritage dramatically boosts your attributes as you level up.


Message History

You are covered in liquid fire!
The blast of sand hits the sleepcap.
The sleepcap is severely damaged.
The liquid fire burns you!
The sleepcap releases spores at you but does no damage.
Your magical contamination has completely faded away.
The blast of sand hits the sleepcap.
The sleepcap is almost destroyed.
The liquid fire burns you! The sleepcap barely misses you.
The bombardier beetle sprays incendiary fluid at you.
The burning spray hits you.
You are even more covered in liquid fire!
The sleepcap barely misses you.
You shake off some of the fire as you move.
The liquid fire burns you! The sleepcap attacks as it pursues you!
The sleepcap closely misses you.
There is an open door here.
You shake off some of the fire as you move.
The liquid fire burns you!
You shake off some of the fire as you move.
The liquid fire burns you!
An orc comes into view. It is wielding a +0 flail.
You shake off some of the fire as you move.
The liquid fire burns you!
The orc shouts!
You hear a shout!
An orc wizard comes into view. It is wielding a +0 dagger.
You shake off the liquid fire.
The sleepcap attacks as it pursues you! The sleepcap barely misses you.
The sleepcap attacks as it pursues you! The sleepcap releases spores at you!
The sleepcap attacks as it pursues you! The sleepcap releases spores at you!
* * * LOW HITPOINT WARNING * * *
The sleepcap attacks as it pursues you! The sleepcap releases spores at you.
* * * LOW HITPOINT WARNING * * *
You are engulfed in a cloud of soporific spores!
You fall asleep.
The sleepcap releases spores at you but does no damage.
The sleepcap releases spores at you!!
Ouch! That really hurt!
You die...

....#######...##########'##...###
.........................'....##.
.........................#....#..
.........................###'###.
...............##...##...##...##.
...............##...##...##....'.
.........##....##.o.##.o.##...###
....##...#####+##f...#........#
....##...##.....@....#........#
...............##...##.....B..#
...............##...##........#
...(.....รท......+...#.........#
................#...##...####'###
................#...##...# #.....
...............##...##.... #.....
>..............#######o.. #.....
................. ... #.....


You could see a sleepcap and an orc.

Vanquished Creatures
  A bombardier beetle (D:4)
  An iguana (D:4)
  4 adders
  3 gnolls (D:2)
  2 dart slugs
  2 ribbon worms (D:2)
  9 endoplasms
  4 giant cockroaches
  A hobgoblin (D:2)
  4 jackals (D:2)
  9 kobolds
  4 ball pythons
  10 bats
  6 frilled lizards
  5 goblins
  4 rats
69 creatures vanquished.

Notes
Turn   | Place    | Note
-------+----------+-------------------------------------------
     0 | D:1      | smashvw the Demigod Earth Elementalist began the quest for
                  | the Orb.
     0 | D:1      | Reached XP level 1. HP: 14/14 MP: 5/5
   107 | D:1      | Reached skill level 1 in Conjurations
   256 | D:1      | Found Timnuliw's Distillery.
   304 | D:1      | Reached XP level 2. HP: 20/20 MP: 5/7
   380 | D:1      | Reached skill level 3 in Earth Magic
  1148 | D:2      | Reached XP level 3. HP: 25/26 MP: 0/9
  1427 | D:2      | Reached XP level 4. HP: 33/33 MP: 7/10
  1558 | D:2      | Learned a level 3 spell: Stone Arrow
  1840 | D:3      | Found Lyhoud's Book Emporium.
  1948 | D:3      | Found Elaror's Magic Scroll Emporium.
  2147 | D:3      | Found Asugoe's Book Shoppe.
  2196 | D:3      | Found Fegayt's Book Emporium.
  2306 | D:3      | Found Hygrubis's Antique Armour Emporium.
  2624 | D:4      | Reached XP level 5. HP: 25/38 MP: 8/12
  2639 | D:4      | Reached skill level 4 in Earth Magic
  2845 | D:4      | Mangled by a sleepcap

Illustrated notes

Levels and vault maps discovered:
D:1:      tarquinn_simple_flora_water_e, layout_loops_ring, serial_shops,
          nicolae_shop_tiny_glass, hellmonk_ecumenical_altar_run_dry
D:2:      minmay_kobold_bridge, layout_basic
D:3:      layout_basic, nicolae_gozag_cash_rules_everything_around_me,
          mainiacjoe_overflow_alcove_2, mainiacjoe_overflow_alcove_4,
          gammafunk_temple_overflow_wave, serial_shops,
          nicolae_shop_back_alley_shop, shop, shop, shop, shop
D:4:      layout_gridville, uniq_ijyb

Skill      XL: |  1  2  3  4  5 |
---------------+----------------+-----
Conjurations   | 1 2 |  2.7
Spellcasting   | 2 3 |  3.1
Earth Magic    | 3 4 |  4.0
Dodging        | |  1.7
Stealth        | |  1.7

Action                     |  1- 3 |  4- 6 || total
---------------------------+-------+-------++-------
  Melee: Unarmed           |     7 |       ||     7
   Cast: Sandblast         |    59 |    52 ||   111
         Stone Arrow       |       |     1 ||     1
    Use: Potion            |     1 |       ||     1
 Armour: Robe              |    28 |    22 ||    50
  Dodge: Dodged            |    34 |    17 ||    51

Table legend: (Time is in decaauts)
 A = Elapsed time spent in this place.
 B = Non-inter-level travel time spent in this place.
 C = Inter-level travel time spent in this place.
 D = Time resting spent in this place.
 E = Time spent auto-exploring this place.
 F = Levels seen in this place.
 G = Mean time per level.
                   A        B        C        D        E       F      G
               +--------+--------+--------+--------+--------+-----+--------+
         Total |   2899 |   2821 |     78 |     24 |   2369 |   4 |  724.8 |
       Dungeon |   2899 |   2821 |     78 |     24 |   2369 |   4 |  724.8 |
               +--------+--------+--------+--------+--------+-----+--------+

Top non-repeatable levels by time:
     D:1: 924 daAuts
     D:2: 853 daAuts
     D:3: 835 daAuts
     D:4: 285 daAuts
